 Dungeon Crawl Stone Soup version 0.28-a0-691-gad6df49e81 (webtiles) character file.

Game seed: 6774728225624750797

79 ytrimaz the Conjurer (level 4, -1/27 HPs)
             Began as an Octopode Conjurer on Oct 21, 2021.
             Killed from afar by Sigmund (10 damage)
             ... with a magic dart
             ... on level 2 of the Dungeon.
             The game lasted 00:02:00 (2031 turns).

ytrimaz the Conjurer (Octopode Conjurer)            Turns: 2031, Time: 00:02:01

Health: -1/27      AC:  1    Str:  4 (6)  XL:     4   Next: 37%
Magic:  1/7        EV: 13    Int: 20 (21) God:
Gold:   88         SH:  0    Dex:  9 (10) Spells: 6/7 levels left

rFire   . . .      SeeInvis .   (no weapon)
rCold   . . .      Faith    .   (no shield)
rNeg    . . .      Spirit   .   (helmet restricted)
rPois   .          Reflect  .   (no amulet)
rElec   .          Harm     .   (no ring)
rCorr   .          Rampage  .   (no ring)
Will    .....                   (no ring)
Stlth   +++.......              (no ring)
HPRegen 0.09/turn               (no ring)
MPRegen 0.10/turn               (no ring)
                                (no ring)
                                (no ring)

@: no status effects
A: almost no armour, amphibious, 8 rings, camouflage 1, gelatinous body 1,
(nimble swimmer 1), tentacles
a: no special abilities


You were on level 2 of the Dungeon.
You visited 1 branch of the dungeon, and saw 2 of its levels.

You collected 88 gold pieces.

Inventory:

Scrolls
 a - a scroll of amnesia {unknown}
 c - a scroll of enchant weapon {unknown}
 d - a scroll of identify {unknown}
 e - a scroll of vulnerability {unknown}
 h - a scroll of immolation {unknown}
Potions
 b - a potion of magic
 f - a potion of brilliance {unknown}
 g - a potion of flight {unknown}


   Skills:
 - Level 2.0 Dodging
 - Level 2.6 Stealth
 - Level 2.0 Spellcasting
 + Level 5.7 Conjurations


You had 6 spell levels left.
You knew the following spells:

 Your Spells              Type           Power      Damage    Failure   Level
a - Magic Dart            Conj           100%       1d8       1%          1

Your spell library contained the following spells:

 Spells                   Type           Power      Damage    Failure   Level
 Searing Ray              Conj           50%        2d6       2%          2
 Dazzling Flash           Conj/Hex       26%        N/A       14%         3
 Fulminant Prism          Conj/Hex       6%         3d7       43%         4
 Iskenderun's Mystic Bla  Conj/Tloc      13%        2d5       43%         4


Dungeon Overview and Level Annotations

Branches:
Dungeon (2/15)

Altars:
Xom

Annotations:
D:2 Sigmund


Innate Abilities, Weirdness & Mutations

You cannot wear most types of armour.
You are amphibious.
You can wear up to eight rings at the same time.
Your skin changes colour to match your surroundings (Stealth+).
Your rubbery body absorbs attacks. (AC +1, EV +1)
((You are camouflaged near water. (Stealth+)))
You have tentacles for arms and can constrict up to eight enemies at once.


Message History

a +0 club; a kobold corpse You now have 80 gold pieces (gained 1).
You now have 88 gold pieces (gained 8).
A rat comes into view.
Found an escape hatch in the floor.
A rat is nearby!
The magic dart hits the rat.
You kill the rat!
You can't see any susceptible monsters within range! (Use Z to cast anyway.)
You can't see any susceptible monsters within range! (Use Z to cast anyway.)
h - a scroll labelled BIALLIMP COABU
Found an escape hatch in the ceiling.
There is an escape hatch in the ceiling here.
Sigmund the Dreaded comes into view.
He is wielding a +3 vorpal scythe.
The magic dart hits Sigmund but does no damage.
Sigmund shouts!
Sigmund gestures at you while chanting. You resist with some effort.
The magic dart hits Sigmund!
Sigmund is moderately wounded.
The magic dart hits Sigmund.
Sigmund is heavily wounded.
The magic dart hits Sigmund but does no damage.
Sigmund is heavily wounded.
Sigmund casts a spell at you. You resist with some effort.
The magic dart hits Sigmund.
Sigmund is heavily wounded.
The magic dart hits Sigmund.
Sigmund is severely wounded.
The magic dart hits Sigmund.
Sigmund is severely wounded.
Sigmund misses you. Sigmund casts a spell at you. The puff of flame hits you!
Sigmund casts a spell at you. The puff of flame hits you!
Sigmund casts a spell at you. The magic dart hits you!
You die...

...#..##............###.###.
...#.###..>...........#.##
...#.# ##..........##.#..#
##...# ##..........#.#..###
#..### ###.####.###<..#....##
..## #.....##..............
..# #.....######.......## ..#
#.....########@.....## ..##
#........@............
#..#####.....###########...##
##....##..>..# #..#
##....##.....# #.
#....##.....# #....########
#....# ######


You could see Sigmund.

Vanquished Creatures
  Terence (D:2)
  2 adders (D:2)
  A worm (D:2)
  7 ball pythons
  A bat (D:1)
  5 endoplasms
  A goblin (D:2)
  2 hobgoblins (D:2)
  A quokka (D:1)
  2 frilled lizards (D:1)
  5 kobolds
  3 rats
31 creatures vanquished.

Notes
Turn   | Place    | Note
-------+----------+-------------------------------------------
     0 | D:1      | ytrimaz the Octopode Conjurer began the quest for the Orb.
     0 | D:1      | Reached XP level 1. HP: 11/11 MP: 3/3
   148 | D:1      | Reached XP level 2. HP: 9/17 MP: 1/5
   495 | D:1      | Found a faded altar of an unknown god.
  1062 | D:2      | Reached skill level 5 in Conjurations
  1062 | D:2      | Reached XP level 3. HP: 21/21 MP: 2/6
  1408 | D:2      | Found a shimmering altar of Xom.
  1411 | D:2      | Noticed Terence
  1473 | D:2      | Killed Terence
  1474 | D:2      | Reached XP level 4. HP: 4/27 MP: 7/7
  2019 | D:2      | Noticed Sigmund
  2031 | D:2      | Killed from afar by Sigmund

Illustrated notes

Levels and vault maps discovered:
D:1:      psy_arrival_basics, layout_loops_ring, shapermc_ecumenical_altar_gd
D:2:      layout_rooms, basic_altar, uniq_sigmund, uniq_crazy_yiuf_cottage,
          uniq_terence

Skill      XL: |  1  2 |
---------------+-------+-----
Conjurations   | 5 |  5.7
Dodging        | |  2.0
Stealth        | |  2.6
Spellcasting   | |  2.0

Action                   |  1- 3 |  4- 6 || total
-------------------------+-------+-------++-------
Melee: Unarmed           |    21 |       ||    21
       Tentacles         |     6 |       ||     6
       Constrict         |     2 |       ||     2
 Cast: Magic Dart        |    57 |    13 ||    70
  Use: Potion            |     3 |       ||     3
Armor: Skin              |     1 |       ||     1
Dodge: Dodged            |    17 |     1 ||    18

Table legend: (Time is in decaauts)
 A = Elapsed time spent in this place.
 B = Non-inter-level travel time spent in this place.
 C = Inter-level travel time spent in this place.
 D = Time resting spent in this place.
 E = Time spent auto-exploring this place.
 F = Levels seen in this place.
 G = Mean time per level.
                   A        B        C        D        E       F      G
               +--------+--------+--------+--------+--------+-----+--------+
         Total |   2030 |   1983 |     47 |    617 |   1106 |   2 | 1015.0 |
       Dungeon |   2030 |   1983 |     47 |    617 |   1106 |   2 | 1015.0 |
               +--------+--------+--------+--------+--------+-----+--------+

Top non-repeatable levels by time:
     D:1: 1055 daAuts
     D:2: 975 daAuts
